cohdb
Replays
Latest Replays
All Replays
Popular Replays
Top Player Replays
Match Explorer
How It Works
Community
CoH3 Stats
Reddit
Sign in to upload your games and track your stats! →
Sign in with Steam
Match 42831840
Unlisted
Match 42831840
Overview
Messages
Build Orders
End
Construct Infanterie Kompanie
MG 42 Machine Gun Team
Grenadier Squad
GrW 34 Mortar Team
Medical Station
Selects Mechanized Battlegroup
Grenadier Squad
Construct Luftwaffe Kompanie
Infanterie Officer Quarters
Jäger Squad
Selects Mobile Repair Stations
Forward Retreat Point
Support Elements
Marder III M Tank Destroyer
Medical Bunker
Selects Wespe Self-propelled Artillery
Wespe Self-propelled Artillery
Jäger Squad
Luftwaffe Officer Quarters
Construct Panzer Kompanie
Selects Raid Package
Jäger Squad
Selects 8 Rad Armored Car
Selects UNKNOWN (2160084)
Panther Heavy Tank
Pioneer Squad
Selects Mechanized Assault
Panther Heavy Tank
Mechanized Assault
Panther Heavy Tank
Medical Bunker
Forward Retreat Point
dj turnt
GreeD
Siwydym
vincent
7akm
Ryan
gUi
average offlane enjoyer
0
0
Comments
sign in to comment!
No comments posted yet!